 Dungeon Crawl Stone Soup version 0.21-a0-521-g1cd18d1 (console) character file.

3182 nht the Grappler (level 9, -12/64 HPs)
             Began as a Pale Draconian Transmuter on Dec 5, 2017.
             Was an Initiate of Ru.
             Mangled by an orc warrior
             ... wielding a +0 halberd
              (26 damage)
             ... on level 8 of the Dungeon.
             The game lasted 00:13:47 (6605 turns).

nht the Grappler (Pale Draconian Transmuter)        Turns: 6605, Time: 00:13:47

Health: -12/64     AC: 11    Str: 15    XL:     9   Next: 64%
Magic:  12/12      EV: 12    Int: 17    God:    Ru [......]
Gold:   612        SH:  0    Dex: 11    Spells: 4/12 levels left

rFire    . . .     SeeInvis .     - Unarmed
rCold    . . .     Gourm    .   (no shield)
rNeg     . . .     Faith    .   (armour unavailable)
rPois    .         Spirit   .   (helmet restricted)
rElec    .         Reflect  .   e - +0 cloak
rCorr    .         Harm     .   (no gloves)
MR       .....                  d - +2 pair of boots
Stlth    +.........             (no amulet)
HPRegen  0.20/turn              (no ring)
MPRegen  0.13/turn              (no ring)

@: about to teleport, berserk cooldown, slowed, very slow
A: breathe steam, unfitting armour, horns 1, strong 1, cold-blooded, subdued
magic 1, AC +7
a: Breathe Steam, Renounce Religion


You were on level 8 of the Dungeon.
You worshipped Ru.
Ru was noncommittal.
You were not hungry.

You visited 2 branches of the dungeon, and saw 10 of its levels.
You also visited: Sewer.

You collected 612 gold pieces.

Inventory:

Missiles
 a - 156 arrows
Armour
 d - a +2 pair of boots (worn)
 e - a +0 cloak (worn)
Wands
 s - a wand of paralysis (19)
 w - a wand of flame (20)
Scrolls
 f - 6 scrolls of remove curse
 h - 7 scrolls of identify
 p - 3 scrolls of fog
 q - 3 scrolls of teleportation
 t - 3 scrolls of vulnerability
 u - a scroll of enchant weapon
 x - 2 scrolls of magic mapping
Potions
 i - 2 potions of cancellation
 k - 2 potions of resistance
 l - a potion of brilliance
 m - 5 potions of flight
 r - 3 potions of curing
 v - a potion of agility
Books
 b - a book of Changes

   Spells                             Type                      Level
   a - Beastly Appendage              Transmutation                1
   b - Sticks to Snakes               Transmutation                2
   c - Spider Form                    Transmutation/Poison         3
   d - Ice Form                       Ice/Transmutation            4
   e - Blade Hands                    Transmutation                5
 y - a book of Misfortune

   Spells                             Type                      Level
   a - Confusing Touch                Hexes                        1
   b - Confuse                        Hexes                        3
   c - Gell's Gravitas                Translocation                3
   d - Petrify                        Transmutation/Earth          4
   e - Metabolic Englaciation         Hexes/Ice                    5
   f - Yara's Violent Unravelling     Hexes/Transmutation          5
Comestibles
 c - 10 bread rations
 g - 4 chunks of flesh
 j - 3 meat rations
 n - 3 royal jellies
 o - 4 fruits


   Skills:
 - Level 1.1 Fighting
 - Level 1.7 Dodging
 + Level 11.6 Unarmed Combat
 - Level 2.0 Spellcasting
 + Level 7.7 Transmutations


You had 4 spell levels left.
You knew the following spells:

 Your Spells              Type           Power        Failure   Level  Hunger
a - Spider Form           Tmut/Pois      ##........   10%         3    ###....
b - Ice Form              Ice/Tmut       ##......     32%         4    #####..
c - Confusing Touch       Hex            #.....       16%         1    #......


Dungeon Overview and Level Annotations

Branches:
Dungeon (9/15)             Temple (1/1) D:6
   Lair: D:8-11         Orc: D:9-12

Altars:
Ashenzari
Cheibriados
Dithmenos
Elyvilon
Fedhas
Gozag
Hepliaklqana
Kikubaaqudgha
Makhleb
Nemelex Xobeh
Okawaru
Qazlal
Ru
Sif Muna
Trog
Uskayaw
Vehumet
Wu Jian
Xom
Yredelemnul
Zin
The Shining One

Shops:
D:9 [

Annotations:
D:8 Joseph


Innate Abilities, Weirdness & Mutations

You can breathe blasts of scalding, opaque steam.
Your pale cyan-grey scales are hard. (AC +7)
You cannot fit into any form of body armour.
You are cold-blooded and may be slowed by cold attacks.
You have a pair of small horns on your head.
Your muscles are strong. (Str +2)
Your spells are a little easier to cast, but a little less powerful.


Message History

You feel a strong urge to attack something.
There is a large open door here.
An orc comes into view. It is wielding a trident.
You have got your breath back.
The orc shouts!
Joseph shoots a sling bullet.
The sling bullet hits you!
There is a large open door, spattered with blood here.
You see here a sling bullet.
You feel your anger nearly subside.
You are no longer berserk.
You are exhausted.
You feel yourself slow down.
There is a large open door here.
As you read the scroll of teleportation, it crumbles to dust.
You feel strangely unstable.
The orc warrior hits you but does no damage.
The orc warrior hits you with a halberd!
Joseph shoots a sling bullet.
The sling bullet hits you.
* * * LOW HITPOINT WARNING * * *
x2 The orc warrior hits you from afar with a halberd!!
You die...

█.█
█....███.█...████████
█.█
████████.█...........
█.......█.███████
█.██.█..█.█ █....
█.█.....█.█ █.███
███.█.....█.█ █.█
█.........█.█ █.█
█.(...÷█(.█.█ █.█
█......█[(█.█ █.█
█..(...█>.█.█ █.█
█.@.o..█..█.█ █.█
███'█.......███.█
█(██'█.((.....█
█..@.@..████████
.'.......█
███....o....
█.......o. █.........
█......... █.........


You could see Joseph, an orc warrior and an orc.

Vanquished Creatures
  Grinder (D:3)
  A wyvern (D:9)
  4 yaks (D:8)
  3 orc warriors
  3 centaurs
  5 ogres
  A crocodile (D:8)
  5 bullfrogs
  A big kobold (D:8)
  A scorpion (D:6)
  An electric eel (D:6)
  A crimson imp (D:5)
  2 orc priests
  2 hounds
  7 orc wizards
  Crazy Yiuf (D:3)
  A merfolk siren (Sewer)
  A merfolk avatar (Sewer)
  2 worker ants
  A hound skeleton (D:6)
  A hound zombie (D:9)
  4 gnolls (D:2)
  A river rat (Sewer)
  10 adders
  A shadow imp (D:7)
  2 oozes
  2 worms
  3 dart slugs
  7 leopard geckos
  24 orcs
  5 bats
  6 giant cockroaches
  6 goblins
  7 hobgoblins
  7 jackals
  3 quokkas
  6 ball pythons
  4 frilled lizards
  A jackal skeleton (D:7)
  6 kobolds
  A quokka skeleton (D:7)
  26 rats
177 creatures vanquished.

Notes
Turn   | Place    | Note
-------+----------+-------------------------------------------
     0 | D:1      | nht the Draconian Transmuter began the quest for the Orb.
     0 | D:1      | Reached XP level 1. HP: 16/16 MP: 3/3
    83 | D:1      | Reached XP level 2. HP: 17/23 MP: 3/5
   252 | D:1      | Reached skill level 4 in Unarmed Combat
   671 | D:2      | Reached XP level 3. HP: 25/28 MP: 4/6
   676 | D:2      | Learned a level 3 spell: Spider Form
   836 | D:2      | Reached XP level 4. HP: 30/35 MP: 0/7
   871 | D:2      | Found a faded altar of an unknown god.
   978 | D:2      | Reached skill level 5 in Unarmed Combat
  1308 | D:2      | Found a stormy altar of Qazlal.
  1315 | D:2      | Found an opulent altar of Gozag.
  1315 | D:2      | Found a bloodstained altar of Trog.
  1319 | D:2      | Found a snail-covered altar of Cheibriados.
  1692 | D:3      | Reached XP level 5. HP: 25/40 MP: 5/8
  1829 | D:3      | Noticed Grinder
  1849 | D:3      | Killed Grinder
  1849 | D:3      | Reached skill level 7 in Unarmed Combat
  1849 | D:3      | Reached XP level 6. HP: 26/47 MP: 6/9
  2048 | D:3      | Found a runed door.
  2497 | D:3      | Noticed Crazy Yiuf
  2498 | D:3      | Gained mutation: Your spells are a little easier to cast, but a little less powerful. [potion of mutation]
  2498 | D:3      | Gained mutation: You have a pair of small horns on your head. [potion of mutation]
  2498 | D:3      | Gained mutation: Your muscles are strong. (Str +2) [potion of mutation]
  2505 | D:3      | Killed Crazy Yiuf
  2815 | D:4      | Reached skill level 8 in Unarmed Combat
  2815 | D:4      | Your scales start taking on a pale cyan-grey colour.
  2815 | D:4      | Reached XP level 7. HP: 31/52 MP: 1/10
  3186 | D:5      | Entered Level 5 of the Dungeon
  3289 | D:5      | Found a shimmering altar of Xom.
  3336 | D:5      | Found a glowing drain.
  3375 | Sewer    | Entered a sewer
  3928 | D:5      | Found a hide-covered altar of Uskayaw.
  4364 | D:5      | Reached skill level 9 in Unarmed Combat
  4589 | D:6      | Learned a level 4 spell: Ice Form
  4596 | D:6      | Found a radiant altar of Vehumet.
  4598 | D:6      | Found a shattered altar of Ashenzari.
  4755 | D:6      | Reached XP level 8. HP: 57/59 MP: 11/11
  5075 | D:6      | Found a staircase to the Ecumenical Temple.
  5085 | Temple   | Entered the Ecumenical Temple
  5277 | D:7      | Reached skill level 10 in Unarmed Combat
  5895 | D:8      | Reached skill level 5 in Transmutations
  5911 | D:7      | Found a sacrificial altar of Ru.
  5911 | D:7      | Found a deep blue altar of Sif Muna.
  5931 | D:7      | Became a worshipper of Ru the Awakened
  5959 | D:8      | Reached XP level 9. HP: 51/64 MP: 6/12
  6003 | D:8      | Reached skill level 11 in Unarmed Combat
  6142 | D:8      | Noticed Joseph
  6476 | D:9      | Found Urcheen's Armour Shoppe.
  6477 | D:9      | Noticed a seven-headed hydra
  6494 | D:8      | Learned a level 1 spell: Confusing Touch
  6605 | D:8      | Mangled by an orc warrior

Vault maps used:
D:1:      dpeg_arrival_tiny_i
D:2:      minitemple, chequers_ecumenical_altar_simple, first_bread
D:3:      uniq_crazy_yiuf_cottage, uniq_grinder
D:5:      eat_drink_and_be_merry_uskayaw, cheibrodos_sewer_entry_drain,
          lemuel_tele_altar
D:6:      cheibrodos_quashed, chequers_temple_overflow_statue_of_worship,
          minmay_temple_entry_poolview, serial_bayou, serial_bayou_pond_b,
          serial_bayou_pond_c, serial_bayou_pond_a, serial_bayou_ford_a
D:7:      nicolae_overflow_hidden_temple
D:8:      cheibrodos_ashenzari_chains, uniq_joseph
D:9:      xom_teletrap_fun, david_lair_shrubbed, serial_shops, shop
Temple:   nicolae_temple_x_marks_the_god
Sewer:    sewer_sea

Skill      XL: |  1  2  3  4  5  6  7  8  9 |
---------------+----------------------------+-----
Unarmed Combat | 4 5 7 8 9 10 11 | 11.6
Transmutations | 3 6 7 |  7.7
Fighting       | |  1.1
Dodging        | |  1.7
Spellcasting   | |  2.0

Action                   |  1- 3 |  4- 6 |  7- 9 || total
-------------------------+-------+-------+-------++-------
Melee: Unarmed           |    66 |   134 |   209 ||   409
       Tailslap          |     3 |     7 |     7 ||    17
       Headbutt          |     4 |     4 |    10 ||    18
       Punch             |     2 |     1 |     1 ||     4
       Kick              |     2 |       |       ||     2
 Cast: Beastly Appendage |    11 |     3 |       ||    14
       Spider Form       |     1 |    12 |    29 ||    42
 Abil: Breathe Steam     |       |       |    28 ||    28
Evoke: Wand              |       |       |     1 ||     1
  Use: Scroll            |     3 |     5 |    11 ||    19
       Potion            |     1 |     2 |     1 ||     4
 Stab: Paralysed         |       |       |     3 ||     3
       Sleeping          |       |       |     1 ||     1
  Eat: Chunk             |       |     9 |    19 ||    28
       Fruit             |       |       |     1 ||     1
Armor: Skin              |    15 |    55 |    34 ||   104
Dodge: Dodged            |    38 |   105 |   125 ||   268

Table legend:
 A = Spawn XP
 B = Non-spawn XP
 C = Spawn XP percentage of total XP
 D = Spawn monster count
 E = Non-spawn monster count
 F = Spawn count percentage of total count
 G = Total turns spent on level
                    A         B        C        D         E        F      G
               +---------+---------+-------+---------+---------+-------+---------
         Total |       0 |    4546 |   0.0 |       0 |     177 |   0.0 |  6605
               +---------+---------+-------+---------+---------+-------+---------
           D:1 |       0 |      39 |   0.0 |       0 |      18 |   0.0 |   665
           D:2 |       0 |      95 |   0.0 |       0 |      12 |   0.0 |   722
           D:3 |       0 |     466 |   0.0 |       0 |      21 |   0.0 |  1167
           D:4 |       0 |     223 |   0.0 |       0 |      12 |   0.0 |   632
           D:5 |       0 |      95 |   0.0 |       0 |       6 |   0.0 |   816
           D:6 |       0 |     542 |   0.0 |       0 |      16 |   0.0 |   609
           D:7 |       0 |     576 |   0.0 |       0 |      20 |   0.0 |   693
           D:8 |       0 |    1814 |   0.0 |       0 |      23 |   0.0 |   389
           D:9 |       0 |     539 |   0.0 |       0 |       8 |   0.0 |   336
         Sewer |       0 |     157 |   0.0 |       0 |      41 |   0.0 |   512
               +---------+---------+-------+---------+---------+-------+---------
